 Dungeon Crawl Stone Soup version 0.26.1-2-gb8aa6d0cf2 (webtiles) character file.

Game seed: 5332519915692886732

177 kreisler the Covert (level 5, -1/35 HPs)
             Began as an Octopode Brigand on Feb 12, 2021.
             Slain by an orc priest
             ... wielding a +0 flail
              (6 damage)
             ... on level 3 of the Dungeon.
             The game lasted 00:06:05 (2774 turns).

kreisler the Covert (Octopode Brigand)              Turns: 2774, Time: 00:06:05

Health: -1/35      AC:  1    Str: 10    XL:     5   Next: 57%
Magic:  5/5        EV: 13    Int: 20    God:
Gold:   73         SH:  0    Dex: 14    Spells: 4/4 levels left

rFire    . . .     SeeInvis .   a - +2 dagger
rCold    . . .     Faith    .   (no shield)
rNeg     . . .     Spirit   .   (helmet restricted)
rPois    .         Reflect  .   (no amulet)
rElec    .         Harm     .   d - +6 ring of intelligence
rCorr    .         Rampage  .   (no ring)
Will     .....                  (no ring)
Stlth    +++++.....             (no ring)
HPRegen  0.11/turn              (no ring)
MPRegen  0.09/turn              (no ring)
                                (no ring)
                                (no ring)

@: lethally poisoned (-1 -> -7), about to teleport
A: almost no armour, stealthy swim, amphibious, 8 rings, constrict 8, camouflage
1, gelatinous body 1
a: no special abilities


You were on level 3 of the Dungeon.
You visited 1 branch of the dungeon, and saw 3 of its levels.

You collected 73 gold pieces.

Inventory:

Hand Weapons
 a - a +2 dagger (weapon)
Missiles
 b - 15 poisoned darts (quivered)
 c - 2 curare-tipped darts
Jewellery
 d - a +6 ring of intelligence (left tentacle)
Scrolls
 e - 2 scrolls of remove curse
 g - a scroll of identify
 i - a scroll of blinking
 j - a scroll of enchant weapon {unknown}
Potions
 h - a potion of might {unknown}


   Skills:
 + Level 2.3 Fighting
 + Level 2.7 Short Blades
 + Level 2.3 Throwing
 + Level 1.6 Dodging
 + Level 8.1 Stealth


You had 4 spell levels left.
You didn't know any spells.
Your spell library was empty.

Dungeon Overview and Level Annotations

Branches:
Dungeon (3/15)

Altars:
Kikubaaqudgha


Innate Abilities, Weirdness & Mutations

You cannot wear most types of armour.
You are very stealthy in the water. (Stealth+)
You are amphibious.
You can wear up to eight rings at the same time.
You can use your tentacles to constrict eight enemies at once.
Your skin changes colour to match your surroundings (Stealth+).
Your rubbery body absorbs attacks. (AC +1, EV +1)


Message History

The adder bites you but does no damage.
The orc priest hits you with a +0 flail!
You barely miss the adder. Your grab misses the adder.
The adder is heavily wounded.
You constrict the orc priest. The adder bites you.
You are more poisoned.
The adder poisons you!
You hit the adder. You grab the adder.
The adder is heavily wounded.
You constrict the adder. You constrict the orc priest.
You feel sick.
The orc priest calls down the wrath of Beogh upon you.
Pain shoots through your body!
* * * LOW HITPOINT WARNING * * *
The adder bites you.
* * * LOW HITPOINT WARNING * * *
As you read the scroll of teleportation, it crumbles to dust.
You feel strangely unstable.
You constrict the adder. You constrict the orc priest. The adder misses you.
The orc priest hits you with a +0 flail.
You die...

#.........)# .....
#.#...)....#### ..#
#.####........# ..#
#......###.##...#..#
##.###### #.# #....#
#..## #.# .#.# #...#
#.# ##...## #.#.##
#.. ##.o...###
..#..# #.##.@So.....
####†# #.#..#o<..##.
# #.# #.#.##o...#
#.# ##.#.# ....#
##.######....# ....#
##.............#
.>..#
......########.#
....# .......#
#.##....# .......#
#..#


You could see an orc priest, an adder and 3 orcs.

Vanquished Creatures
  An ogre (D:3)
  2 adders
  A shadow imp (D:2)
  An adder skeleton (D:3)
  A worm (D:2)
  2 dart slugs
  2 leopard geckos
  2 orcs (D:3)
  A ball python (D:2)
  6 bats
  4 giant cockroaches
  8 goblins
  7 hobgoblins
  7 kobolds
  A ball python zombie (D:3)
  4 frilled lizards
  A leopard gecko skeleton (D:3)
  7 rats
58 creatures vanquished.

Notes
Turn   | Place    | Note
-------+----------+-------------------------------------------
     0 | D:1      | kreisler the Octopode Brigand began the quest for the Orb.
     0 | D:1      | Reached XP level 1. HP: 14/14 MP: 1/1
   369 | D:1      | Reached XP level 2. HP: 19/19 MP: 2/2
  1294 | D:2      | Reached skill level 6 in Stealth
  1417 | D:2      | Found an ancient bone altar of Kikubaaqudgha.
  1420 | D:2      | Reached XP level 3. HP: 24/24 MP: 3/3
  2139 | D:2      | Reached XP level 4. HP: 29/29 MP: 4/4
  2536 | D:3      | Noticed an ogre
  2544 | D:3      | Killed an ogre
  2545 | D:3      | Reached skill level 7 in Stealth
  2545 | D:3      | Reached XP level 5. HP: 35/35 MP: 5/5
  2638 | D:3      | Reached skill level 8 in Stealth
  2774 | D:3      | Slain by an orc priest

Illustrated notes

Levels and vault maps discovered:
D:1:      psy_arrival_radial02, layout_basic, serial_rivers,
          chequers_serial_rivers_micro_e, chequers_serial_rivers_small_a,
          chequers_serial_rivers_room_b, chequers_serial_rivers_large_b,
          minmay_liquid_box, kennysheep_crisscross, minmay_misc_feat_ornament
D:2:      layout_loops_corners, kiku_gazebo_garden_becter
D:3:      layout_rooms, okawaru_gym_becter, serial_undead, serial_undead_c,
          serial_undead_d, serial_undead_f, serial_undead_d

Skill      XL: |  1  2  3  4  5 |
---------------+----------------+-----
Stealth        | 6 7 8 |  8.1
Fighting       | |  2.3
Short Blades   | |  2.7
Throwing       | |  2.3
Dodging        | |  1.6

Action                   |  1- 3 |  4- 6 || total
-------------------------+-------+-------++-------
Melee: Dagger            |    58 |    43 ||   101
       Constrict         |    12 |     9 ||    21
       Tentacles         |     7 |     6 ||    13
Throw: Dart              |       |     1 ||     1
  Use: Scroll            |     3 |     4 ||     7
       Potion            |     1 |       ||     1
 Stab: Sleeping          |    21 |     8 ||    29
Armor: Skin              |     8 |     5 ||    13
Dodge: Dodged            |    24 |    16 ||    40
